 Dungeon Crawl Stone Soup version 0.23.2-30-g0e89c35649 (webtiles) character file.

Game seed: 12557399237107528683

43318 Kairos the Severer (level 13, -5/123 HPs)
             Began as a Deep Dwarf Monk on June 11, 2019.
             Was a High Priest of Makhleb.
             Slain by a dire elephant (20 damage)
             ... on level 6 of the Lair of Beasts.
             The game lasted 00:40:30 (13903 turns).

Kairos the Severer (Deep Dwarf Monk)               Turns: 13903, Time: 00:40:31

Health: -5/123     AC: 16    Str: 25    XL:     13   Next: 90%
Magic:  9/9        EV: 10    Int: 10    God:    Makhleb [*****.]
Gold:   875        SH: 19    Dex: 17    Spells: 12/12 levels left

rFire    . . .     SeeInvis .   A - +3 war axe
rCold    . . .     Gourm    +   B - +0 large shield
rNeg     . . .     Faith    .   s - +3 chain mail
rPois    +         Spirit   .   (no helmet)
rElec    .         Reflect  .   (no cloak)
rCorr    .         Harm     .   (no gloves)
MR       +....                  N - +0 pair of boots
Stlth    ..........             J - amulet of the gourmand
HPRegen  0.00/turn              d - +4 ring of strength
MPRegen  0.11/turn              G - ring of poison resistance

@: non-regenerating
A: damage resistance, heal wounds, agile 1, mutation resistance 1, sense
surroundings 2, no regeneration
a: Heal Wounds, Minor Destruction, Lesser Servant of Makhleb, Major Destruction,
Greater Servant of Makhleb, Renounce Religion


You were on level 6 of the Lair of Beasts.
You worshipped Makhleb.
Makhleb was extremely pleased with you.
You were not hungry.

You visited 3 branches of the dungeon, and saw 17 of its levels.
You also visited: Ossuary.

You collected 1121 gold pieces.
You spent 246 gold pieces at shops.

Inventory:

Hand Weapons
 a - a +0 hand axe
 k - a +3 mace
 n - a +2 whip of flaming
 A - a +3 war axe (weapon)
Missiles
 h - 9 javelins (quivered)
 l - 3 throwing nets
Armour
 p - the +0 buckler "Edatyuz" {Dex+4}
   (You found it on level 4 of the Dungeon)

   It affects your dexterity (+4).
 s - a +3 chain mail (worn)
 B - a +0 large shield (worn)
 N - a +0 pair of boots (worn)
Magical Staves
 P - an uncursed staff of conjuration {unknown}
Jewellery
 d - a +4 ring of strength (left hand)
 i - an uncursed ring of fire
 u - an uncursed ring of protection from magic
 G - a ring of poison resistance (right hand)
 J - an amulet of the gourmand (around neck)
 K - an uncursed ring of flight
 S - an uncursed ring of magical power
Wands
 b - a wand of flame (12)
 C - a wand of digging (4)
 I - a wand of acid (2)
 O - a wand of enslavement (17)
 T - a wand of polymorph (12)
Scrolls
 j - 7 scrolls of teleportation
 q - 2 scrolls of amnesia
 r - 4 scrolls of enchant weapon
 t - 4 scrolls of remove curse
 v - 2 scrolls of fear
 y - 3 scrolls of enchant armour
 z - a scroll of summoning
 D - a scroll of holy word
 E - 4 scrolls of fog
 H - 2 scrolls of immolation
 L - 2 scrolls of identify
 M - a scroll of silence
 R - a scroll of blinking
 U - 2 scrolls of magic mapping {unknown}
Potions
 e - 3 potions of haste
 f - 6 potions of flight
 g - 8 potions of lignification
 m - 2 potions of curing
 o - 2 potions of brilliance {unknown}
 w - 6 potions of heal wounds
 x - 4 potions of agility
 F - 2 potions of might
 Q - a potion of ambrosia
Comestibles
 c - 38 rations


   Skills:
 + Level 10.1 Fighting
 + Level 15.6 Axes
 + Level 2.5 Throwing
 + Level 11.7 Armour
 + Level 6.6 Dodging
 + Level 4.5 Stealth
 + Level 10.8 Shields
 + Level 3.5 Invocations
 + Level 2.3 Evocations


You had 12 spell levels left.
You didn't know any spells.
Your spell library contained the following spells:

 Spells                   Type           Power        Failure   Level  Hunger
 Animate Skeleton         Necr           N/A          100%        1    ##.....
 Apportation              Tloc           #.....       100%        1    ##.....
 Confusing Touch          Hex            #.....       100%        1    ##.....
 Corona                   Hex            #......      100%        1    ##.....
 Summon Small Mammal      Summ           #...         100%        1    ##.....
 Call Imp                 Summ           #.......     100%        2    ###....
 Ensorcelled Hibernation  Hex/Ice        #.....       100%        2    ###....
 Shroud of Golubria       Chrm/Tloc      #.........   100%        2    ###....
 Throw Flame              Conj/Fire      #.....       100%        2    ###....
 Call Canine Familiar     Summ           #.......     100%        3    ####...
 Confuse                  Hex            #.......     100%        3    ####...
 Dazzling Spray           Conj/Hex       #.....       100%        3    ####...
 Portal Projectile        Hex/Tloc       #.....       100%        3    ####...
 Recall                   Summ/Tloc      N/A          100%        3    ####...
 Summon Guardian Golem    Hex/Summ       #.......     100%        3    ####...
 Teleport Other           Tloc           #.......     100%        3    ####...
 Tukima's Dance           Hex            #.......     100%        3    ####...
 Ice Form                 Ice/Tmut       #.......     100%        4    #####..
 Summon Ice Beast         Ice/Summ       #.......     100%        4    #####..
 Summon Lightning Spire   Summ/Air       #.......     100%        4    #####..
 Metabolic Englaciation   Hex/Ice        #.........   100%        5    ######.
 Bolt of Cold             Conj/Ice       #.........   100%        6    #######
 Freezing Cloud           Conj/Ice/Air   #.........   100%        6    #######
 Ozocubu's Refrigeration  Ice            #.........   100%        6    #######
 Simulacrum               Ice/Necr       #.........   100%        6    #######
 Malign Gateway           Summ/Tloc      #.........   100%        7    #######


Dungeon Overview and Level Annotations

Branches:
Dungeon (10/15)            Temple (1/1) D:5            Lair (6/6) D:8
 Shoals (0/4) Lair:2        Snake (0/4) Lair:3        Slime (0/5) Lair:6
    Orc (0/2) D:10

Altars:
Ashenzari
Cheibriados
Dithmenos
Elyvilon
Fedhas
Gozag
Hepliaklqana
Kikubaaqudgha
Makhleb
Nemelex Xobeh
Okawaru
Qazlal
Ru
Sif Muna
Trog
Uskayaw
Vehumet
Wu Jian
Xom
Yredelemnul
Zin
The Shining One

Shops:
D:7 (

Annotations:
D:10 Fannar
Lair:4 exclusion: 2 oklob plants
Lair:6 exclusion: 2 oklob plants


Innate Abilities, Weirdness & Mutations

You are resistant to damage.
You can heal yourself by infusing magical energy.
You passively map the area around you.
You do not regenerate.
You are agile. (Dex +2)
You are somewhat resistant to further mutation.


Message History

You hit the dire elephant.
The dire elephant is severely wounded.
The dire elephant tramples you but does no damage.
The dire elephant closely misses you.
You hit the dire elephant but do no damage.
The dire elephant is severely wounded.
The dire elephant tramples you!
* * * LOW HITPOINT WARNING * * *
You hold your ground!
You block the dire elephant's attack.
You slash the dire elephant!
The dire elephant is almost dead.
You slash the dire elephant!
The dire elephant is almost dead.
You block the dire elephant's attack. The dire elephant trunk-slaps you!
* * * LOW HITPOINT WARNING * * *
Unknown command.
You hit the dire elephant but do no damage.
The dire elephant is almost dead.
The dire elephant tramples you!!
You die...

..P................# ,
.(PP...............# *,,
...P#.............## * ,*
....#P.........#.♣#, ,
..###....P#####..##. .##
##..### ##.#.. , ,
.####....# #.#.# ,, ,
.#.##P...# #♣#.# ,
.#.##...P#######@#.# ,
...##...##..#P.#Y#P#*,, *
..##...........YY#P##*####
....##...........#.8###)[##
.................'...#??((#
........P...[.#..'.⌠.#....#
.........##......'...#....#
...#.....##..P.#.#.8##....
...##....###..#..#.####''#


You could see 3 dire elephants.

Vanquished Creatures
  Josephine (D:10)
  The ghost of Haxyobbu the Fighter, a journeyman MiFi of Okawaru (Lair:2)
  Harold (Lair:1)
  3 hydras
  3 two-headed ogres
  An anaconda (Lair:6)
  A queen ant (Lair:3)
  8 death yaks (Lair:6)
  Sonja (Lair:2)
  Nergalle (Lair:1)
  4 black mambas
  8 elephants
  7 spiny frogs
  5 rime drakes
  2 komodo dragons (Lair:6)
  A queen bee (Lair:2)
  A polar bear (Lair:4)
  5 blink frogs
  6 hippogriffs
  3 dream sheep (Lair:5)
  6 wraiths
  34 yaks
  3 basilisks
  Edmund (D:6)
  6 soldier ants (Lair:3)
  10 porcupines
  8 water moccasins
  An orc warrior (D:9)
  3 ice beasts
  A black bear (D:9)
  2 phantoms
  A sky beast (D:7)
  2 ogres
  4 wolves (Lair:5)
  A centaur (D:7)
  8 crocodiles
  17 bullfrogs
  Blork the orc (D:5)
  A scorpion (D:4)
  23 killer bees (Lair:2)
  3 wights (D:9)
  An electric eel (Lair:2)
  2 howler monkeys
  3 crimson imps
  A bullfrog skeleton (D:7)
  2 centaur zombies
  3 hounds
  A centaur skeleton (D:4)
  A gnoll shaman (D:9)
  An orc priest (D:8)
  4 orc wizards
  Ijyb (D:5)
  Terence (D:3)
  4 hell rats (Lair:6)
  24 worker ants
  2 hound skeletons
  A howler monkey zombie (D:6)
  2 mummies
  A worker ant zombie (D:8)
  7 adders
  10 gnolls
  A shadow imp (D:10)
  An ooze (D:3)
  An adder zombie (D:6)
  An adder skeleton (D:5)
  2 worms
  5 dart slugs
  2 leopard geckos
  18 orcs
  A ball python (D:1)
  6 bats
  9 giant cockroaches
  8 goblins
  7 hobgoblins
  2 jackals (D:4)
  6 kobolds
  A quokka (D:5)
  3 frilled lizards
  A giant cockroach zombie (D:5)
  3 gnoll skeletons (Ossuary)
  A jackal skeleton (D:6)
  8 kobold skeletons (Ossuary)
  A leopard gecko zombie (D:6)
  14 orc skeletons (Ossuary)
  A quokka skeleton (D:6)
  7 rats
  3 fungi
  A plant (Lair:6)
385 creatures vanquished.

Vanquished Creatures (collateral kills)
  The ghost of Junaliek the Protected, a journeyman MiFi of Okawaru (Lair:2)
  2 hydras
  A catoblepas (Lair:5)
  2 death yaks (Lair:6)
  5 elephants
  A spiny frog (Lair:3)
  2 polar bears
  2 blink frogs (Lair:6)
  3 dream sheep (Lair:5)
  2 water moccasins
  4 soldier ants (Lair:3)
  A crocodile (Lair:4)
  2 worker ants (Lair:3)
28 creatures vanquished.

Vanquished Creatures (others)
  4 fungi
  6 plants
  6 withered plants (Lair:2)
16 creatures vanquished.

Grand Total: 429 creatures vanquished

Notes
Turn   | Place    | Note
-------+----------+-------------------------------------------
     0 | D:1      | Kairos the Deep Dwarf Monk began the quest for the Orb.
     0 | D:1      | Reached XP level 1. HP: 20/20 MP: 1/1
   180 | D:1      | Reached XP level 2. HP: 18/27 MP: 2/2
   764 | D:2      | Reached XP level 3. HP: 27/33 MP: 3/3
   983 | D:2      | Reached skill level 4 in Axes
  1290 | D:3      | Reached XP level 4. HP: 22/42 MP: 4/4
  1302 | D:3      | Noticed Terence
  1312 | D:3      | Killed Terence
  1381 | D:3      | Found a faded altar of an unknown god.
  1436 | D:3      | Reached skill level 1 in Armour
  1450 | D:3      | Reached XP level 5. HP: 29/49 MP: 5/5
  1516 | D:3      | Reached skill level 5 in Axes
  2001 | D:4      | Reached XP level 6. HP: 46/56 MP: 6/6
  2319 | D:4      | Got a faintly humming buckler
  2325 | D:4      | Identified the +0 buckler "Edatyuz" {Dex+4} (You found it
                  | on level 4 of the Dungeon)
  2483 | D:4      | Reached skill level 6 in Axes
  2726 | D:5      | Entered Level 5 of the Dungeon
  2726 | D:5      | Noticed an ice beast
  2753 | D:5      | Killed an ice beast
  2825 | D:5      | Noticed Blork the orc
  2844 | D:5      | Killed Blork the orc
  2844 | D:5      | Reached XP level 7. HP: 33/64 MP: 7/7
  2956 | D:5      | Reached skill level 7 in Axes
  3294 | D:5      | Noticed Ijyb
  3326 | D:5      | Killed Ijyb
  3548 | D:5      | Found a staircase to the Ecumenical Temple.
  3554 | Temple   | Entered the Ecumenical Temple
  3692 | Temple   | Became a worshipper of Makhleb the Destroyer
  3692 | Temple   | Reached * piety under Makhleb
  3692 | Temple   | Reached ** piety under Makhleb
  3772 | D:6      | Reached skill level 1 in Shields
  3831 | D:6      | Reached XP level 8. HP: 52/73 MP: 8/8
  3834 | D:6      | Reached skill level 8 in Axes
  3846 | D:6      | Noticed Edmund
  4047 | D:6      | Found a hazy altar of Hepliaklqana.
  4233 | D:6      | Killed Edmund
  4233 | D:6      | Reached skill level 1 in Throwing
  4870 | D:7      | Reached skill level 5 in Fighting
  5104 | D:7      | Reached skill level 5 in Armour
  5311 | D:7      | Found Jolyreun's Weapon Shop.
  5367 | D:7      | Reached skill level 9 in Axes
  5367 | D:7      | Gained mutation: You passively map the area around you.
                  | [Deep Dwarf growth]
  5367 | D:7      | Reached XP level 9. HP: 64/81 MP: 9/9
  5475 | D:7      | Bought a +3 war axe for 246 gold pieces
  5529 | D:8      | Noticed a two-headed ogre
  5658 | D:8      | Found a sand-covered staircase.
  5674 | Ossuary  | Entered an ossuary
  5708 | Ossuary  | Reached *** piety under Makhleb
  6169 | D:8      | Found a deep blue altar of Sif Muna.
  6203 | D:8      | Killed a two-headed ogre
  6203 | D:8      | Reached skill level 10 in Axes
  6280 | D:8      | Found a staircase to the Lair.
  6432 | D:9      | Reached skill level 5 in Dodging
  6438 | D:9      | Reached XP level 10. HP: 19/91 MP: 9/9
  6513 | D:9      | Reached **** piety under Makhleb
  7175 | D:10     | Entered Level 10 of the Dungeon
  7177 | D:10     | Found a staircase to the Orcish Mines.
  7316 | D:10     | Noticed a two-headed ogre
  7327 | D:10     | Killed a two-headed ogre
  7327 | D:10     | Reached skill level 11 in Axes
  7400 | D:10     | Noticed Josephine
  7416 | D:10     | Killed Josephine
  7574 | D:10     | Reached skill level 12 in Axes
  7578 | D:10     | Noticed a two-headed ogre
  7595 | D:10     | Killed a two-headed ogre
  7595 | D:10     | Reached skill level 5 in Shields
  7876 | D:10     | Noticed Fannar
  8080 | Lair:1   | Entered Level 1 of the Lair of Beasts
  8142 | Lair:1   | Reached XP level 11. HP: 52/100 MP: 10/10
  8231 | Lair:1   | Noticed Nergalle
  8276 | Lair:1   | Killed Nergalle
  8286 | Lair:1   | Noticed Harold
  8346 | Lair:1   | Killed Harold
  8394 | Lair:1   | Noticed a seven-headed hydra
  8408 | Lair:1   | Killed an eight-headed hydra
  8542 | Lair:1   | Noticed a five-headed hydra
  8594 | Lair:1   | Reached skill level 1 in Evocations
  8725 | Lair:1   | Killed a five-headed hydra
  8725 | Lair:1   | Reached skill level 13 in Axes
  8725 | Lair:1   | Reached skill level 1 in Invocations
  8743 | Lair:1   | Identified the Catalogue of Flamy Dislocation
  9401 | Lair:2   | Found a runed translucent gate.
  9401 | Lair:2   | Found a runed translucent gate.
  9403 | Lair:2   | Found a runed translucent gate.
  9405 | Lair:2   | Noticed Junaliek's ghost (journeyman MiFi)
  9405 | Lair:2   | Noticed Haxyobbu's ghost (journeyman MiFi)
  9417 | Lair:2   | Noticed Sonja
  9462 | Lair:2   | Killed Sonja
  9669 | Lair:2   | Found a staircase to the Shoals.
 10003 | Lair:2   | Reached skill level 10 in Armour
 10181 | Lair:2   | Reached ***** piety under Makhleb
 10210 | Lair:2   | Reached XP level 12. HP: 91/112 MP: 12/12
 10400 | Lair:2   | Killed Junaliek's ghost
 10421 | Lair:2   | Killed Haxyobbu's ghost
 10752 | Lair:3   | Noticed a seven-headed hydra
 10759 | Lair:3   | Killed a seven-headed hydra
 10911 | Lair:3   | Found a staircase to the Snake Pit.
 11176 | Lair:3   | Noticed a queen ant
 11208 | Lair:3   | Killed a queen ant
 11226 | Lair:3   | Reached skill level 14 in Axes
 11523 | Lair:4   | Noticed a seven-headed hydra
 11537 | Lair:4   | Killed a seven-headed hydra
 11564 | Lair:4   | Noticed a five-headed hydra
 11593 | Lair:4   | Killed a five-headed hydra
 11665 | Lair:4   | Reached XP level 13. HP: 65/121 MP: 12/12
 12640 | Lair:5   | You fall through a shaft!
 12640 | Lair:6   | Entered Level 6 of the Lair of Beasts
 12640 | Lair:6   | Found a staircase to the Slime Pits.
 12851 | Lair:6   | Reached skill level 15 in Axes
 12870 | Lair:6   | Reached skill level 10 in Shields
 13152 | Lair:6   | Gained mutation: You are resistant to hostile enchantments.
                  | (MR+) [potion of mutation]
 13152 | Lair:6   | Gained mutation: You are clumsy. (Dex -2) [potion of
                  | mutation]
 13152 | Lair:6   | Gained mutation: You are somewhat resistant to further
                  | mutation. [potion of mutation]
 13166 | Lair:6   | Lost mutation: You are clumsy. (Dex -2) [potion of
                  | mutation]
 13166 | Lair:6   | Lost mutation: You are resistant to hostile enchantments.
                  | (MR+) [potion of mutation]
 13166 | Lair:6   | Gained mutation: You are agile. (Dex +2) [potion of
                  | mutation]
 13306 | Lair:6   | Reached skill level 10 in Fighting
 13837 | Lair:6   | Noticed a dire elephant
 13837 | Lair:6   | Noticed a dire elephant
 13840 | Lair:6   | Noticed a dire elephant
 13871 | Lair:6   | Noticed a dire elephant
 13894 | Lair:6   | Noticed a dire elephant
 13903 | Lair:6   | Slain by a dire elephant

Skill      XL: |  1  2  3  4  5  6  7  8  9 10 11 12 13 |
---------------+----------------------------------------+-----
Stealth        | 3 4 |  4.5
Fighting       | 3 4 5 6 7 8 9 10 | 10.1
Axes           | 4 5 6 7 9 10 12 13 14 15 | 15.6
Dodging        | 4 5 6 |  6.6
Armour         | 1 2 3 5 7 8 10 11 | 11.7
Shields        | 1 2 4 5 6 9 10 | 10.8
Throwing       | 1 2 |  2.5
Evocations     | 2 |  2.3
Invocations    | 1 2 3 |  3.5

Action                   |  1- 3 |  4- 6 |  7- 9 | 10-12 | 13-15 || total
-------------------------+-------+-------+-------+-------+-------++-------
Melee: Hand axe          |   126 |   256 |   425 |       |       ||   807
       War axe           |       |       |   115 |   739 |   423 ||  1277
Throw: Throwing net      |       |       |     1 |     1 |       ||     2
       Javelin           |       |       |    15 |    17 |       ||    32
Invok: Lesser Servant of |       |       |     1 |    18 |     7 ||    26
       Minor Destruction |       |       |       |       |     1 ||     1
 Abil: Heal Wounds       |     1 |     3 |    13 |    24 |     8 ||    49
Evoke: Wand              |       |       |       |    13 |     1 ||    14
  Use: Scroll            |     9 |       |    10 |     8 |     4 ||    31
       Potion            |       |       |       |     4 |     4 ||     8
 Stab: Sleeping          |     3 |       |       |       |       ||     3
       Distracted        |       |       |       |     4 |       ||     4
  Eat: Chunk             |     1 |     5 |     6 |    17 |     9 ||    38
       Ration            |       |       |     2 |     1 |       ||     3
Armor: Robe              |     5 |       |       |       |       ||     5
       Chain mail        |    21 |   125 |   238 |   315 |   118 ||   817
       Ring mail         |     6 |       |       |       |       ||     6
Dodge: Dodged            |    87 |   138 |   179 |   265 |    99 ||   768
Block: Buckler           |       |    12 |   107 |   101 |       ||   220
       Large shield      |       |       |       |   447 |   316 ||   763
